[Event "Live Chess"]
[Site "Chess.com"]
[Date "2023.05.21"]
[Round "-"]
[White "Woodpusher500"]
[Black "HadesLearmonth"]
[Result "0-1"]
[WhiteElo "975"]
[BlackElo "1222"]
[TimeControl "300"]
[EndTime "1:40:59 PDT"]
[Termination "HadesLearmonth won by resignation"]

1. e4 e5 2. Nc3 Nc6 3. Bc4 Nf6 4. Nf3 Bc5 5. d3 O-O 6. Bg5 Qe7 7. Nd5 Qd6 8.
Nxf6+ gxf6 9. Bh4 Kh8 10. O-O Rg8 11. Nd2 Qd4 12. Qf3 Rg6 13. Rab1 d6 14. Nb3 Bg4 15. Qxg4 Rxg4 16. Bxf6+ Kg8 17. Nxd4 Nxd4 18. f3 Rg6 19. Bh4 Kh8 20. Bxf7 Rg7 21. Bd5 Nxc2+ 22. Kh1 c6 23. Bb3 Ne3 24. f4 Nxf1 25. Rxf1 exf4 26. Rxf4 h6 27.
h3 Bd4 28. Bc4 Bxb2 29. Bf6 Bxf6 30. Rxf6 b5 31. Bb3 Kh7 32. Bc2 d5 33. exd5 cxd5 34. d4+ Kh8 35. Rd6 Rc8 36. Bd3 Rcg8 37. Bf1 Rg5 38. Ra6 R8g7 39. Rxh6+ Kg8 40. g4 R5g6 41.
Bg2 Rxh6 42. h4 Rxh4+ 0-1

[Event "Live Chess"]
[Site "Chess.com"]
[Date "2023.05.21"]
[Round "-"]
[White "Reggie016"]
[Black "whitedjohn"]
[Result "0-1"]
[WhiteElo "1068"]
[BlackElo "1642"]
[TimeControl "300"]
[EndTime "1:41:13 PDT"]
[Termination "whitedjohn won by resignation"]

1. e4 Nf6 2. e5 Nd5 3. d4 d6 4. c3 dxe5 5. dxe5 Nc6 6. c4 Nb6 7. Qxd8+ Kxd8 8. Nf3 Bg4 9. Be2 e6 10. Nbd2 Bb4 11. a3 Bxd2+ 12. Bxd2 Bxf3 13. Bxf3 Nxc4 14. Bg5+ Ke8 15. b3 N4xe5 16. Bxc6+ Nxc6 17. O-O-O f6 18. Bf4 e5 19. Be3 Rd8 20. f4 b6 21. Rhe1 Ke7 22.
fxe5 Nxe5 23. Bd4 Ke6 24. h4 Rd5 25. b4 Rhd8 0-1

[Event "Live Chess"]
[Site "Chess.com"]
[Date "2023.05.21"]
[Round "-"]
[White "Hacker_2009"]
[Black "elephantgerrald"]
[Result "1-0"]
[WhiteElo "1916"]
[BlackElo "706"]
[TimeControl "300"]
[EndTime "1:41:27 PDT"]
[Termination "Hacker_2009 won on time"]

1. d4 d5 2. Nf3 Bg4 3. e3 Bxf3 4.
Qxf3 c6 5. c4 dxc4 6. Bxc4 Nf6 7. Nc3 e6 8. O-O Bb4 9. Bd2 O-O 10. a3 Bxc3 11. Bxc3 Nbd7 12. Rfd1 b5 13. Bd3 Qb6 14. Rac1 a5 15. b4 a4 16. Bb2 Rfe8 17. Qxc6 Qxc6 18. Rxc6 e5 19. dxe5 Nxe5 20. Bxe5 Rxe5 21. Bxb5 h6 22. Be2 Rae8 23. h3 Ne4 24. Bf3 Ng5 25. Ra6 Nxf3+ 26. gxf3 Rg5+ 27. Kh2 Rc8 28. Rxa4 Rc2 29. Rf1 f5 30. f4 Rg6 31. Ra7 Kh7 32. a4 h5 33. b5 Rb2 34. Rc7 Kh6 35. Rc5 Rf6 36.
Kg3 Rg6+ 37. Kf3 Rf6 38. Rfc1 g5 39. fxg5+ Kxg5 40. R1c4 Kg6 41. Rc6 Rxc6 42. bxc6 Rb8 43. c7 Rc8 44. a5 Kf7 45. a6 Ke8 46. Kf4 Kd7 47. Kxf5 Rxc7 48. Rxc7+ Kxc7 49. Kg5 Kb6 50. Kxh5 Kxa6 51. Kg6 Kb7 52. h4 Kc8 53. h5 Kd8 54. h6 Ke8 55. Kg7 Ke7 56. h7 Ke6 57. h8=Q Kf5 58. Qf8+ Ke4 59. Qf4+ Kd3 60. Qd4+ Ke2 61. e4 1-0

[Event "Live Chess"]
[Site "Chess.com"]
[Date "2023.05.21"]
[Round "-"]
[White "LiamClery2020"]
[Black "raminguy"]
[Result "0-1"]
[WhiteElo "2017"]
[BlackElo "1962"]
[TimeControl "300"]
[EndTime "1:41:33 PDT"]
[Termination "raminguy won by resignation"]

1. e4 e5 2. Nc3 Nc6 3. Bc4 Nf6 4. d3 Na5 5. Bb3 Nxb3 6. axb3 Bc5 7. Nf3 d6 8. O-O a6 9. Be3 Bxe3 10. fxe3 O-O 11.
Qd2 c6 12. d4 exd4 13. exd4 Bg4 14. Rae1 Re8 15. h3 Bxf3 16. Rxf3 b5 17. Qg5 b4 18.
Ref1 h6 19. Qg3 Kh8 20. Rxf6 gxf6 21. Qh4 Kg7 22. Rf4 bxc3 23. Rg4+ Kf8 24. Qxh6+ Ke7 25. bxc3 Kd7 26. Rg7 Qe7 27. Qh7 Rf8 28. Qf5+ Qe6 0-1

[Event "Live Chess"]
[Site "Chess.com"]
[Date "2023.05.21"]
[Round "-"]
[White "YrrriKharkiv"]
[Black "siddu198"]
[Result "1-0"]
[WhiteElo "2066"]
[BlackElo "1612"]
[TimeControl "300"]
[EndTime "1:41:48 PDT"]
[Termination "YrrriKharkiv won by resignation"]

1. e4 e5 2. Nf3 d6 3. Bc4 Be7 4.
d4 exd4 5. c3 dxc3 6. Nxc3 Bg4 7. Qd5 Be6 8. Qb5+ c6 9. Qxb7 Bxc4 10. Qxa8 Nd7 11. Qxd8+ Bxd8 12. Bf4 Be7 13. O-O-O d5 14. exd5 cxd5 15. Nxd5 Bxd5 16. Rxd5 Nb6 17. Ra5 Nc8 18.
Re1 Nf6 19. Rae5 Ng4 20. R5e2 Nf6 21. Nd4 Nd5 22. Bg5 f6 23. Bd2 Kf7 24. Kb1 Rd8 25. Nc6 Rd7 26. Nxe7 Ncxe7 27. Rd1 Rb7 28. Ka1 h6 29.
Be3 a5 30. Red2 Nxe3 31. fxe3 Ke6 32. Rd6+ Kf5 33. Rd7 Rxd7 34. Rxd7 Ke6 35. Ra7 Nf5 36. e4 Ne7 37. Rxa5 Nc6 38. Rc5 Kd6 39. Rc3 Nd4 40. a4 Ke5 41. a5 Kxe4 42. a6 Nb5 43. Rc5 Na7 44. Rc7 Nb5 45. Rb7 Nd6 46. Rxg7 Nb5 47.
Rb7 1-0

[Event "Live Chess"]
[Site "Chess.com"]
[Date "2023.05.21"]
[Round "-"]
[White "ExIsambard"]
[Black "OSmith06"]
[Result "1-0"]
[WhiteElo "1911"]
[BlackElo "1631"]
[TimeControl "300"]
[EndTime "1:41:48 PDT"]
[Termination "ExIsambard won by checkmate"]

1. d4 Nf6 2. Nf3 e6 3. Bg5 d5 4. e3 c5 5. c3 Nc6 6. Bd3 Bd6 7. Nbd2 O-O 8. h4 h6 9. Qe2 Bd7 10.
O-O-O hxg5 11. hxg5 Ne4 12. Nxe4 dxe4 13. Bxe4 f5 14.
gxf6 Qxf6 15. dxc5 Bxc5 16. Rxd7 Rad8 17. Bh7+ Kh8 18.
Bg6+ Kg8 19. Bh7+ Kh8 20. Bc2+ Kg8 21. Qd3 Rxd7 22. Qxd7 Rd8 23. Qxb7 e5 24. Bh7+ Kf8 25. Be4 Ne7 26. Rh8+ Ng8 27. Nh4 Bxe3+ 28. Kc2 Qxf2+ 29.
Kb3 Qf7+ 30. Qxf7+ Kxf7 31. Nf5 Bb6 32. Rh7 Nf6 33.
Rxg7+ Ke6 34. Re7# 1-0

[Event "Live Chess"]
[Site "Chess.com"]
[Date "2023.05.21"]
[Round "-"]
[White "Tema1107"]
[Black "Tushinskiy"]
[Result "0-1"]
[WhiteElo "1945"]
[BlackElo "2181"]
[TimeControl "300"]
[EndTime "1:42:14 PDT"]
[Termination "Tushinskiy won on time"]

1. c4 c5 2. Nc3 d6 3. g3 Nf6 4.
Bg2 g6 5. e3 Bg7 6. Nge2 Nc6 7.
O-O O-O 8. d4 cxd4 9. exd4 h5 10. h3 Bd7 11. b3 a6 12. Bb2 Rc8 13. Rc1 Re8 14. d5 Nb8 15. Qd2 b5 16. Ne4 bxc4 17. Nxf6+ exf6 18. bxc4 Kh7 19. Nd4 Bh6 20.
f4 Bg7 21. Ba1 Rc5 22. Nb3 Rc8 23. Qf2 Bf5 24. c5 dxc5 25. Nxc5 Nd7 26. Nb7 Qe7 27. Na5 Rxc1 28. Rxc1 Qa3 29. Re1 Rxe1+ 30. Qxe1 Qxa2 31. Nc6 Nc5 32. Bd4 Nd3 33. Qe7 Qb1+ 34. Kh2 Ne1 35. Bh1 Qc2+ 36. Kg1 Qd1 37. Kh2 Qd2+ 38. Kg1 Bxh3 39. d6 Qc1 40. Kh2 Bg4 41. d7 Nf3+ 42. Bxf3 Bxf3 0-1

[Event "Live Chess"]
[Site "Chess.com"]
[Date "2023.05.21"]
[Round "-"]
[White "Tiltador"]
[Black "JanMur7"]
[Result "0-1"]
[WhiteElo "749"]
[BlackElo "1971"]
[TimeControl "300"]
[EndTime "1:42:24 PDT"]
[Termination "JanMur7 won by resignation"]

1. e4 e5 2. Nf3 Nc6 3. Bb5 Nf6 4. Bxc6 bxc6 5. Nxe5 Qe7 6. Nf3 Qxe4+ 7. Qe2 Qxe2+ 8. Kxe2 Ba6+ 9. d3 Bd6 10. Kd2 O-O 11. Nc3 Nd5 12. Nxd5 cxd5 13. b3 Bc5 14. Rf1 Rfe8 15.
Bb2 Re7 16. c4 dxc4 17. dxc4 Rae8 18. Nd4 Bxd4 19. Bxd4 Re2+ 20. Kc3 Bb7 21. f3 a5 22. a4 Rxg2 23. h4 f5 24. b4 axb4+ 25. Kxb4 Rd2 26.
Bc3 Rd3 27. Rac1 Rxf3 28. Rg1 g6 29. h5 Kf7 30. hxg6+ hxg6 31. Rh1 Rxc3 32. Kxc3 Bxh1 33. Rxh1 f4 34. Rh7+ Ke6 35. Rh6 Kf6 36. Rh4 g5 37.
Rh6+ Kf5 38. Rh7 Rd8 39. Rf7+ Kg4 40. a5 Ra8 41. Kb4 f3 42. Kb5 Kg3 43. c5 f2 44. c6 dxc6+ 45. Kxc6 Rxa5 46. Kxc7 Ra7+ 0-1

[Event "Live Chess"]
[Site "Chess.com"]
[Date "2023.05.21"]
[Round "-"]
[White "Hacker_2009"]
[Black "ranvir123"]
[Result "1-0"]
[WhiteElo "1916"]
[BlackElo "932"]
[TimeControl "300"]
[EndTime "1:42:39 PDT"]
[Termination "Hacker_2009 won by resignation"]

1. d4 Nf6 2. Nf3 g6 3. c4 Bg7 4. Nc3 O-O 5. e4 d6 6. Be2 e5 7.
O-O exd4 8. Nxd4 c5 9. Ndb5 Bd7 10. Nxd6 Nc6 11. Nxb7 Rb8 12. Nxc5 1-0

[Event "Live Chess"]
[Site "Chess.com"]
[Date "2023.05.21"]
[Round "-"]
[White "Denz14"]
[Black "WelshTiger"]
[Result "0-1"]
[WhiteElo "1038"]
[BlackElo "2349"]
[TimeControl "300"]
[EndTime "1:42:43 PDT"]
[Termination "WelshTiger won by resignation"]

1. e4 c5 2. Nf3 Nc6 3. c3 Nf6 4. d3 e5 5. Bg5 d6 6. Nbd2 Be7 7. Nc4 h6 8. Bh4 O-O 9. Qd2 b5 10. Ne3 b4 11. Nd5 Nxd5 12. exd5 bxc3 13. bxc3 Bxh4 14. dxc6 Bf6 15. d4 exd4 16. cxd4 Re8+ 17. Be2 Ba6 18. Ne5 Bxe2 19. Qxe2 dxe5 20. O-O exd4 21. Qf3 Qd6 22. Rab1 Rac8 23. Rb7 Qxc6 24. Qxc6 Rxc6 25.
Rxa7 c4 0-1

[Event "Live Chess"]
[Site "Chess.com"]
[Date "2023.05.21"]
[Round "-"]
[White "HoarseyHorsey"]
[Black "elizaveta_frundina"]
[Result "0-1"]
[WhiteElo "1467"]
[BlackElo "1562"]
[TimeControl "300"]
[EndTime "1:43:07 PDT"]
[Termination "elizaveta_frundina won by checkmate"]

1. d4 d5 2. c4 e6 3. Nc3 Nf6 4. cxd5 exd5 5. Bg5 Bb4 6. e3 O-O 7. Nf3 Nbd7 8. Bd3 h6 9. Bh4 c6 10. O-O Qc7 11. Bg3 Bd6 12. Qc2 Bxg3 13. hxg3 Re8 14. Rae1 a5 15. e4 dxe4 16. Nxe4 Nxe4 17. Bxe4 Nf6 18. Bd3 Bg4 19. Ne5 Rad8 20. Nxg4 Nxg4 21. Bh7+ Kh8 22. Bf5 Nf6 23. Rxe8+ Rxe8 24. Qd2 Qd6 25. Bc2 Qd5 26. Qd3 Qh5 27. f3 Re4 28. g4 Qh4 29. Qd1 Rxg4 30. Re1 Rg5 31. Qd3 g6 32. Qc4 Qxe1+ 33.
Kh2 Qg3+ 34. Kg1 Qxg2# 0-1

[Event "Live Chess"]
[Site "Chess.com"]
[Date "2023.05.21"]
[Round "-"]
[White "EdenHazard8"]
[Black "JoshMcK"]
[Result "1-0"]
[WhiteElo "1951"]
[BlackElo "1529"]
[TimeControl "300"]
[EndTime "1:43:07 PDT"]
[Termination "EdenHazard8 won by resignation"]

1. e4 c6 2. d4 d5 3. e5 c5 4. c3 Nc6 5. Nf3 Bg4 6. Be2 e6 7. h3 Bxf3 8. Bxf3 cxd4 9. cxd4 Be7 10. O-O Qb6 11. Be3 Qxb2 12. Nd2 Nxd4 13. Rb1 Nxf3+ 14. Nxf3 Qxa2 15. Rxb7 Bd8 16. Qd3 Qc4 17. Qb1 Ne7 18. Rc1 Qa6 19. Bc5 Ng6 20. Bd6 Be7 21. Rcc7 Bxd6 22.
exd6 O-O 23. d7 Rfd8 24. Nd4 Rab8 25. Nc6 Rxb7 26. Qxb7 Qxb7 27. Rxb7 Nf8 28. Nxd8 1-0

[Event "Live Chess"]
[Site "Chess.com"]
[Date "2023.05.21"]
[Round "-"]
[White "Ocelot32"]
[Black "Crowded_House"]
[Result "0-1"]
[WhiteElo "1366"]
[BlackElo "1662"]
[TimeControl "300"]
[EndTime "1:43:31 PDT"]
[Termination "Crowded_House won by resignation"]

1. e4 e6 2. d4 d5 3. exd5 exd5 4.
Nf3 Bd6 5. h3 Ne7 6. Bd3 f6 7.
O-O O-O 8. c3 Bf5 9. Be3 Nd7 10.
Bxf5 Nxf5 11. Bd2 Re8 12. Na3 a6 13. Nc2 c6 14. Ne3 Nxe3 15. Bxe3 Qc7 16. Qd3 Bf4 17. Bxf4 Qxf4 18. Rfe1 g6 19. Re2 Kf7 20. Rae1 Rxe2 21.
Qxe2 Qd6 22. h4 Nf8 23. Qd2 Kg7 24. Nh2 f5 25. Nf3 h6 26. Ne5 Re8 27. Qf4 Nd7 28. h5 gxh5 29. Qg3+ Kh7 30. Qf3 Nxe5 31. dxe5 Rxe5 32.
Rxe5 Qxe5 33. Qd1 c5 34. f3 d4 35. cxd4 Qxd4+ 36. Qxd4 cxd4 37. Kf2 Kg6 38. Ke2 Kg5 39. Kd3 Kf4 40. Kxd4 Kg3 41. Ke5 Kxg2 42. f4 h4 43. Kxf5 h3 44. Ke6 h2 45. f5 h1=Q 46. f6 Qe1+ 47. Kf5 Qa5+ 48. Kg6 Qxa2 49. f7 Qxf7+ 50.
Kxf7 h5 0-1

[Event "Live Chess"]
[Site "Chess.com"]
[Date "2023.05.21"]
[Round "-"]
[White "BillythekidFellowes"]
[Black "mliszewski"]
[Result "1-0"]
[WhiteElo "2061"]
[BlackElo "1854"]
[TimeControl "300"]
[EndTime "1:43:38 PDT"]
[Termination "BillythekidFellowes won by resignation"]

1. e4 c6 2. c4 d5 3. d4 dxe4 4. Nc3 Nf6 5. Bg5 Bf5 6. Qb3 Qb6 7. Nge2 Nbd7 8. O-O-O Qxb3 9. axb3 b5 10. Ng3 Bg6 11.
cxb5 cxb5 12. Bxb5 e6 13. Bxf6 gxf6 14. Ngxe4 Bg7 15.
Nc5 Ke7 16. Bxd7 Rhd8 17. Bc6 Rac8 18. Be4 f5 19. Bb7 Rc7 20. Nb5 Bh6+ 21. Kb1 Rxb7 22.
Nxb7 Rb8 23. N5d6 a5 24. d5 a4 25. bxa4 Ra8 26. a5 Rxa5 27. Nxa5 Kxd6 28. dxe6+ Kxe6 29. Rhe1+ 1-0

[Event "Live Chess"]
[Site "Chess.com"]
[Date "2023.05.21"]
[Round "-"]
[White "EPotapov05"]
[Black "Delacorta"]
[Result "1-0"]
[WhiteElo "1412"]
[BlackElo "1414"]
[TimeControl "300"]
[EndTime "1:43:39 PDT"]
[Termination "EPotapov05 won by resignation"]

1. d4 e6 2. c4 f5 3. g3 Nf6 4. Bg2 c6 5. Nc3 d5 6. Qd3 Be7 7. Nh3 O-O 8. Nf4 g5 9. Nh3 Ne4 10. O-O h6 11. f3 Nxc3 12. bxc3 Nd7 13. Rb1 Nf6 14. a4 Nh5 15. e3 Bd7 16. Rxb7 g4 17.
fxg4 fxg4 18. Rxf8+ Kxf8 19. Nf4 Nxf4 20. exf4 Be8 21.
Qh7 1-0

[Event "Live Chess"]
[Site "Chess.com"]
[Date "2023.05.21"]
[Round "-"]
[White "skorpion49"]
[Black "MartynColebrook"]
[Result "1-0"]
[WhiteElo "1756"]
[BlackElo "1091"]
[TimeControl "300"]
[EndTime "1:43:50 PDT"]
[Termination "skorpion49 won by checkmate"]

1. e4 d5 2. exd5 Qxd5 3. Nc3 Qa5 4. d4 e5 5. dxe5 Qxe5+ 6. Be2 Bc5 7. Nf3 Qd6 8. O-O Bf5 9. Nb5 Qxd1 10. Rxd1 Bb6 11.
Nbd4 Bg6 12. Bd3 Bxd3 13. Rxd3 Nf6 14. Re3+ Kd7 15. Rd3 Kc8 16. Bg5 Ne4 17. Bh4 c5 18.
Nf5 g6 19. Ne7+ Kc7 20. Re1 f5 21. Nd5+ Kc6 22. Ne5+ Kb5 23. Rb3+ Ka6 24. Ra3+ Kb5 25.
c4# 1-0

[Event "Live Chess"]
[Site "Chess.com"]
[Date "2023.05.21"]
[Round "-"]
[White "raminguy"]
[Black "elephantgerrald"]
[Result "1-0"]
[WhiteElo "1962"]
[BlackElo "706"]
[TimeControl "300"]
[EndTime "1:44:05 PDT"]
[Termination "raminguy won by checkmate"]

1. d4 d5 2. Nc3 Nf6 3. Bf4 e6 4. Nb5 c6 5. Nc7+ Kd7 6. Nxa8 Qa5+ 7. c3 b6 8. Bxb8 Bb7 9. Nxb6+ Qxb6 10. Qb3 Qxb3 11.
axb3 e5 12. Bxe5 Ne4 13. Nf3 f6 14. Bg3 Nxg3 15. hxg3 c5 16. Rxa7 cxd4 17. Rxb7+ Kd6 18. Nxd4 Be7 19. e3 Ke5 20. Bd3 Ra8 21. f4+ Kd6 22. O-O Kc5 23. Rxe7 Ra1 24. Rxa1 g5 25. Ra5+ Kd6 26. Re6+ Kd7 27. Ra7+ Kd8 28. Nc6+ Kc8 29. Re8# 1-0

[Event "Live Chess"]
[Site "Chess.com"]
[Date "2023.05.21"]
[Round "-"]
[White "RoaringKnights"]
[Black "smoggyrabbit"]
[Result "1-0"]
[WhiteElo "1036"]
[BlackElo "1707"]
[TimeControl "300"]
[EndTime "1:44:09 PDT"]
[Termination "RoaringKnights won on time"]

1. e4 e6 2. d4 d5 3. e5 c5 4. c3 Nc6 5. Bb5 Bd7 6. Nf3 Nxe5 7. Nxe5 Bxb5 8. Qh5 g6 9. Qf3 Qc7 10. Bf4 Bd6 11.
Nd2 cxd4 12. cxd4 f6 13. Nxg6 hxg6 14. Bxd6 Qxd6 15. O-O-O Qa6 16. Kb1 Bd3+ 17. Ka1 Rc8 18.
Rc1 Bc2 19. Rhe1 Kf7 20. Re3 Ne7 21. Rc3 Rxc3 22. Qxc3 Rc8 23. Qb4 Bf5 24. Rxc8 Nxc8 25. Qc3 Ne7 26. a3 Qe2 27. Qc1 Qd3 28. f3 Qxd4 29.
g4 Bd3 30. h4 Qa4 31. Qc3 Qd1+ 32. Ka2 Bc4+ 33. Nxc4 dxc4 34. Qxc4 Nd5 35. Qb3 1-0

[Event "Live Chess"]
[Site "Chess.com"]
[Date "2023.05.21"]
[Round "-"]
[White "Ferrarifan27"]
[Black "RamsayFlayer"]
[Result "1-0"]
[WhiteElo "2090"]
[BlackElo "1967"]
[TimeControl "300"]
[EndTime "1:44:16 PDT"]
[Termination "Ferrarifan27 won by resignation"]

1. e4 e5 2. Nf3 Nc6 3. Bb5 a6 4. Ba4 Nf6 5. O-O Be7 6. Re1 b5 7. Bb3 d6 8. d4 Bg4 9. dxe5 dxe5 10. Nbd2 O-O 11. h3 Bh5 12. c3 Na5 13. Bc2 Nc4 14.
Nxc4 Qxd1 15. Bxd1 Bxf3 16. Bxf3 bxc4 17. Bg5 Rfd8 18.
Rad1 h6 19. Bxf6 Bxf6 20. Be2 Rd6 21. Rxd6 cxd6 22. Bxc4 Rb8 23. b3 a5 24. Rd1 Be7 25.
Rd5 Ra8 26. a4 Kf8 27. Bb5 Rc8 28. Bc4 Rc5 29. Rd3 f6 30. Bd5 Ke8 31. b4 axb4 32. cxb4 Rc1+ 33. Kh2 Ra1 34. a5 Rb1 35. a6 Ra1 36. b5 Kd8 37. Bb7 Kc7 38. Rc3+ Kb6 39. Bc6 Bd8 40. Be8 Bc7 41. Rc6+ Kxb5 42. Rxc7+ Kxa6 1-0

[Event "Live Chess"]
[Site "Chess.com"]
[Date "2023.05.21"]
[Round "-"]
[White "fretle"]
[Black "Bot_Boy"]
[Result "1-0"]
[WhiteElo "1805"]
[BlackElo "334"]
[TimeControl "300"]
[EndTime "1:44:20 PDT"]
[Termination "fretle won on time"]

1. f4 b6 2. Nf3 Bb7 3. e3 d5 4. b3 Nf6 5. Bb2 Nfd7 6. Be2 e6 7. O-O Nc5 8. b4 Ne4 9. d3 Nd6 10. Nbd2 Nf5 11. Qe1 Bxb4 12. Bd1 Be7 13. g4 Nh4 14. g5 Ng6 15. Bxg7 Rg8 16. Bb2 c6 17. h4 Nf8 18.
e4 Bc5+ 19. Kh2 Ng6 20. Qg3 d4 21. Nb3 Bc8 22. Nbxd4 Bxd4 23. Bxd4 c5 24. Bb2 Qc7 25. Ne5 Nxe5 26. Bxe5 Qd7 27. Bh5 h6 28. f5 exf5 29. exf5 Rxg5 30. hxg5 hxg5 31. Qxg5 1-0

[Event "Live Chess"]
[Site "Chess.com"]
[Date "2023.05.21"]
[Round "-"]
[White "Tiltador"]
[Black "ranvir123"]
[Result "1-0"]
[WhiteElo "796"]
[BlackElo "920"]
[TimeControl "300"]
[EndTime "1:44:25 PDT"]
[Termination "Tiltador won by resignation"]

1. e4 e5 2. Nf3 Nc6 3. Bb5 d6 4. Bxc6+ Bd7 5. Bxd7+ Qxd7 6. O-O Qg4 7. d3 Nf6 8. h3 Qg6 9. Nc3 Nh5 10. Nd5 O-O-O 11. a4 c6 12. Nc3 Nf4 13. Bxf4 exf4 1-0

[Event "Live Chess"]
[Site "Chess.com"]
[Date "2023.05.21"]
[Round "-"]
[White "AbilifyXL"]
[Black "FailsGambits"]
[Result "1-0"]
[WhiteElo "1948"]
[BlackElo "1335"]
[TimeControl "300"]
[EndTime "1:44:26 PDT"]
[Termination "AbilifyXL won by resignation"]

1. d4 d5 2. c4 e6 3. Nc3 Nf6 4.
cxd5 Nxd5 5. Nf3 Bb4 6. Qc2 Nc6 7. e4 Nxc3 8. bxc3 Be7 9. Bd3 Bd7 10. O-O f6 11. Bf4 g5 12. Be3 h5 13. d5 exd5 14.
exd5 Ne5 15. Nxe5 fxe5 16. Bg6+ Kf8 17. c4 Bd6 18. c5 Be7 19. Rac1 Kg7 20. Rfd1 Rh6 21.
Bf5 Bxf5 22. Qxf5 Rh8 23. Qxe5+ Bf6 24. Qf5 Rf8 25. Qd3 Qd7 26. Bd4 Bxd4 27. Qxd4+ Kg6 28.
d6 cxd6 29. cxd6 Rad8 30. h3 Qf5 31. Qxa7 Ra8 32. Qd4 Rxa2 33. Qd3 Qxd3 34. Rxd3 Raxf2 35. d7 Rd8 36. Kxf2 1-0

[Event "Live Chess"]
[Site "Chess.com"]
[Date "2023.05.21"]
[Round "-"]
[White "MJMykh"]
[Black "Duke_of_Bebington"]
[Result "0-1"]
[WhiteElo "1098"]
[BlackElo "1590"]
[TimeControl "300"]
[EndTime "1:44:26 PDT"]
[Termination "Duke_of_Bebington won by checkmate"]

1. e4 e5 2. Nf3 Nf6 3. Nc3 Nc6 4.
Bc4 Nxe4 5. Nxe4 d5 6. Bd3 dxe4 7. Bxe4 Bd6 8. Bxc6+ bxc6 9. O-O O-O 10. h3 c5 11. d3 h6 12. Be3 Bb7 13. a3 Qf6 14. Nd2 Rfd8 15. Nc4 Rab8 16. Nxd6 cxd6 17. Rb1 Qg6 18.
f3 f5 19. c3 Ba6 20. c4 e4 21. fxe4 fxe4 22. dxe4 Qxe4 23. Bd2 Bxc4 24. Rf4 Qe6 25. Qc2 Rf8 26. Rxc4 Qe2 27. b3 Rf2 28. Rb2 Rxg2+ 29.
Kh1 Rh2+ 30. Kg1 Qg2# 0-1

[Event "Live Chess"]
[Site "Chess.com"]
[Date "2023.05.21"]
[Round "-"]
[White "TKDRyan"]
[Black "Larchikov"]
[Result "0-1"]
[WhiteElo "1137"]
[BlackElo "2055"]
[TimeControl "300"]
[EndTime "1:44:26 PDT"]
[Termination "Larchikov won by checkmate"]

1. e4 c5 2. Nf3 d6 3. d4 cxd4 4. Nxd4 Nf6 5. Nc3 a6 6. Bd3 e5 7. Nf3 Be7 8. O-O O-O 9. h3 b5 10. Be3 Bb7 11. a3 Nbd7 12. Qd2 Rc8 13. Rac1 Nb6 14.
Bxb6 Qxb6 15. b4 Rc7 16. Qe3 Qxe3 17. fxe3 Rxc3 18. Nd2 Rfc8 19. Nb1 R3c7 20. c4 bxc4 21. Bxc4 Rxc4 22. Rxc4 Rxc4 23. Nd2 Rc2 24. Nb3 Nxe4 25. Na5 Bd5 26. Rd1 Be6 27. Nb7 d5 28. a4 Bg5 29. b5 Bxe3+ 30. Kh2 Bf4+ 31. Kg1 axb5 32. axb5 Bxh3 33. Ra1 Rxg2+ 34. Kh1 Nf2# 0-1

[Event "Live Chess"]
[Site "Chess.com"]
[Date "2023.05.21"]
[Round "-"]
[White "Rusty_Bridges"]
[Black "OleksiyJr1"]
[Result "1-0"]
[WhiteElo "1526"]
[BlackElo "978"]
[TimeControl "300"]
[EndTime "1:44:28 PDT"]
[Termination "Rusty_Bridges won by resignation"]

1. e4 c5 2. Be2 Nc6 3. f4 d6 4. Nf3 e5 5. f5 f6 6. O-O b6 7.
Nc3 Bb7 8. d3 Nge7 9. Be3 Nd4 10.
Bxd4 cxd4 11. Nb1 Nc6 12. Nbd2 Be7 13. c3 dxc3 14. bxc3 O-O 15. h4 d5 16. g4 d4 17. c4 Bb4 18. g5 Bxd2 19. Qxd2 Rc8 20. Kf2 Ne7 21. Rg1 a6 22. gxf6 Rxf6 23. Nxe5 Nc6 24.
Ng4 Rf7 25. Nh6+ Kf8 26. Nxf7 Kxf7 27. Qg5 Ne5 28. Qxg7+ Ke8 29. Qxe5+ 1-0

[Event "Live Chess"]
[Site "Chess.com"]
[Date "2023.05.21"]
[Round "-"]
[White "NAZRIZ1977"]
[Black "Cimon"]
[Result "1-0"]
[WhiteElo "1988"]
[BlackElo "1841"]
[TimeControl "300"]
[EndTime "1:44:39 PDT"]
[Termination "NAZRIZ1977 won on time"]

1. c4 Nf6 2. g3 c6 3. Bg2 g6 4. Nf3 Bg7 5. O-O d6 6. Nc3 O-O 7. d3 e5 8. Rb1 Bg4 9. h3 Bd7 10. b4 h6 11. b5 Qe7 12. Nd2 Be6 13. a4 d5 14. bxc6 bxc6 15. cxd5 cxd5 16. Nc4 Nc6 17. Ba3 Qd7 18. Bxf8 Rxf8 19. Nd2 Bxh3 20. Qb3 Bxg2 21. Kxg2 Nd4 22. Qb7 Qd6 23. Qxa7 Rc8 24. Qb6 Qxb6 25. Rxb6 Rxc3 26. Ra1 Rc7 27. a5 Ra7 28. a6 Bf8 29. Rb7 Ra8 30. a7 Nc6 31. Rc7 Ne7 32. Nb3 Ne8 33. Rd7 Nc6 34. Rxd5 Rxa7 35. Rxa7 Nxa7 36. Rxe5 Nd6 37. Rd5 Nc6 38. Na5 Nxa5 39. Rxa5 Kg7 40. d4 Kf6 41. f3 Ke6 42. e4 f5 43. Ra6 Kf7 44. e5 Nc4 45. Rf6+ Kg7 46. Ra6 Be7 47.
Ra7 Kf8 48. f4 g5 49. Kf3 g4+ 50. Ke2 Nb6 51. Ra6 Nd5 52. Rxh6 Nc3+ 53. Kd3 1-0

[Event "Live Chess"]
[Site "Chess.com"]
[Date "2023.05.21"]
[Round "-"]
[White "JoeyCage"]
[Black "Singapourfeuj"]
[Result "1-0"]
[WhiteElo "2303"]
[BlackElo "2180"]
[TimeControl "300"]
[EndTime "1:44:45 PDT"]
[Termination "JoeyCage won by resignation"]

1. e4 c5 2. Nf3 d6 3. d4 cxd4 4.
Nxd4 Nf6 5. Nc3 a6 6. g3 e5 7.
Nde2 Be7 8. Bg2 Be6 9. O-O Nc6 10. Nd5 O-O 11. Nxe7+ Qxe7 12. Nc3 Nd4 13. Ne2 Nxe2+ 14. Qxe2 Rfd8 15. c4 Rac8 16. b3 Qd7 17. Rd1 b5 18.
cxb5 Qxb5 19. Qxb5 axb5 20. Ba3 d5 21. Be7 Rd7 22. Bxf6 gxf6 23. exd5 Bg4 24. Rdc1 Rb8 25. a4 bxa4 26. bxa4 Rd6 27. a5 Ra8 28. Rc5 Kg7 29.
h3 Be2 30. Be4 Rad8 31. Rc6 f5 32. Rxd6 Rxd6 33. Bxf5 Rxd5 34. g4 Bf3 35. Kh2 Rd2 36. Kg3 Ba8 37. a6 h5 38. a7 hxg4 39. hxg4 Rc2 40.
Bxc2 1-0

[Event "Live Chess"]
[Site "Chess.com"]
[Date "2023.05.21"]
[Round "-"]
[White "OSmith06"]
[Black "ChessTWSS"]
[Result "0-1"]
[WhiteElo "1621"]
[BlackElo "1560"]
[TimeControl "300"]
[EndTime "1:44:56 PDT"]
[Termination "ChessTWSS won by resignation"]

1. e4 c5 2. Nf3 Nc6 3. d4 cxd4 4. Nxd4 e5 5. Nb5 Nf6 6. N1c3 d6 7. Bg5 a6 8. Na3 Be6 9. Bc4 Be7 10. Bxe6 fxe6 11.
O-O O-O 12. f3 Qb6+ 13. Kh1 Qxb2 14. Bxf6 Bxf6 15. Rb1 Qxa3 0-1

[Event "Live Chess"]
[Site "Chess.com"]
[Date "2023.05.21"]
[Round "-"]
[White "LiamClery2020"]
[Black "YrrriKharkiv"]
[Result "1-0"]
[WhiteElo "2026"]
[BlackElo "2055"]
[TimeControl "300"]
[EndTime "1:44:58 PDT"]
[Termination "LiamClery2020 won by resignation"]

1. e4 e6 2. d4 d5 3. Nd2 Nf6 4. e5 Nfd7 5. Ngf3 c5 6. c3 Nc6 7.
Bd3 Qb6 8. O-O cxd4 9. cxd4 Nxd4 10. Nxd4 Qxd4 11. Nf3 Qb6 12. Qc2 h6 13. Be3 Bc5 14.
Bxc5 Qxc5 15. Qb3 Qb6 16. Qc2 O-O 17. Rac1 Qb4 18. a3 Qf4 19. Qe2 f6 20. exf6 Nxf6 21. Rxc8 Raxc8 22. Qxe6+ Kh8 23. Ne5 Ne4 24. Ng6+ 1-0

[Event "Live Chess"]
[Site "Chess.com"]
[Date "2023.05.21"]
[Round "-"]
[White "domrobson"]
[Black "yeetpizza74"]
[Result "1-0"]
[WhiteElo "1746"]
[BlackElo "465"]
[TimeControl "300"]
[EndTime "1:45:04 PDT"]
[Termination "domrobson won by checkmate"]

1. d4 e5 2. dxe5 Nc6 3. Nf3 Qe7 4.
Bg5 Qb4+ 5. Nc3 Qxb2 6. Bd2 Bb4 7. Rb1 Qa3 8. Nd5 Bxd2+ 9. Qxd2 Kd8 10. e4 Qxa2 11. Rd1 f6 12. exf6 Nxf6 13. Nxf6 gxf6 14. Bd3 Qf7 15. O-O d6 16. Bb5 Bd7 17. Bxc6 Bxc6 18. Rfe1 f5 19. Ne5 Qf8 20. Nxc6+ bxc6 21. e5 Rg8 22.
exd6 cxd6 23. Qxd6+ Kc8 24. Qxc6+ Kb8 25. Rb1+ Qb4 26.
Rxb4# 1-0